[Event "ICCopen2017"]
[Site "Internet Chess Club"]
[Date "2017.03.19"]
[Round "10"]
[White "Guinicapo"]
[Black "jupiter26"]
[Result "1-0"]
[ICCResult "Black resigns"]
[WhiteElo "1936"]
[BlackElo "1713"]
[Opening "QGD semi-Slav: 5.e3"]
[ECO "D45"]
[NIC "SL.08"]
[Time "21:03:20"]
[TimeControl "180+0"]

1. d4 d5 2. Nf3 Nf6 3. c4 c6 4. e3 e6 5. Nc3 Bd6 6. g4 Nxg4 7. Rg1 Nxh2 8.
Nxh2 Bxh2 9. Rxg7 Qf6 10. Qg4 Bd6 11. e4 Bf8 12. Rg5 Qxd4 13. exd5 cxd5 14.
Qxd4 {Black resigns} 1-0

[Event "ICCopen2017"]
[Site "Internet Chess Club"]
[Date "2017.03.19"]
[Round "10"]
[White "ALexiz"]
[Black "niftyleopard"]
[Result "1-0"]
[ICCResult "Black checkmated"]
[WhiteElo "1690"]
[BlackElo "1251"]
[Opening "Queen's pawn, Mason variation"]
[ECO "D00"]
[NIC "QP.08"]
[Time "21:03:44"]
[TimeControl "180+0"]

1. d4 d5 2. Bf4 Bf5 3. e3 Nf6 4. c3 Nc6 5. Nf3 e6 6. Be2 Bd6 7. Nbd2 Bxf4 8.
exf4 O-O 9. Nh4 Bg6 10. Nxg6 fxg6 11. O-O Nh5 12. g3 Nf6 13. Bd3 Qe7 14. Qe2
Qd6 15. Rae1 Rae8 16. Nf3 Rf7 17. h3 Rfe7 18. Ne5 Nd7 19. Qg4 Ndxe5 20. fxe5
Qd8 21. h4 Rf8 22. h5 gxh5 23. Qxh5 h6 24. Qg6 Qd7 25. Qh7+ Kf7 26. Bg6#
{Black checkmated}
1-0

[Event "ICCopen2017"]
[Site "Internet Chess Club"]
[Date "2017.03.19"]
[Round "10"]
[White "bean5671"]
[Black "CadiZKilleR"]
[Result "0-1"]
[ICCResult "White checkmated"]
[WhiteElo "1315"]
[BlackElo "1572"]
[Opening "Benko's opening"]
[ECO "A00"]
[NIC "VO.09"]
[Time "21:04:06"]
[TimeControl "180+0"]

1. g3 d5 2. Bg2 Nf6 3. d4 c6 4. e3 h5 5. Nf3 Bg4 6. Nbd2 e6 7. Qe2 Qc7 8.
Qd3 Bd6 9. b3 h4 10. Bb2 hxg3 11. fxg3 Bxg3+ 12. Ke2 Rxh2 13. Rxh2 Bxh2 14.
Kf2 Qg3+ 15. Kf1 Bxf3 16. Nxf3 Ne4 17. Qe2 Qd6 18. c4 Ng3+ 19. Kf2 Nxe2 20.
Kxe2 Nd7 21. c5 Qg3 22. Kf1 Nf6 23. Bc3 Ng4 24. Bd2 Qf2# {White checkmated}
0-1

[Event "ICCopen2017"]
[Site "Internet Chess Club"]
[Date "2017.03.19"]
[Round "10"]
[White "orac"]
[Black "Salvatore"]
[Result "1-0"]
[ICCResult "Black checkmated"]
[WhiteElo "1598"]
[BlackElo "1457"]
[Opening "Sicilian: closed"]
[ECO "B23"]
[NIC "SI.44"]
[Time "21:04:04"]
[TimeControl "180+0"]

1. e4 c5 2. Nc3 e6 3. f4 g6 4. Nf3 Bg7 5. e5 Ne7 6. Be2 O-O 7. d3 b6 8. Be3
Bb7 9. Qd2 Re8 10. h3 Nbc6 11. O-O-O Nf5 12. Bf2 Ncd4 13. g4 Nxe2+ 14. Qxe2
Nd4 15. Bxd4 cxd4 16. Ne4 Qc7 17. Kb1 Rec8 18. h4 a5 19. Nxd4 a4 20. a3 Bd5
21. Nb5 Qc6 22. Nbc3 b5 23. Nxd5 exd5 24. Nf6+ Kh8 25. h5 b4 26. hxg6 fxg6
27. Rxh7# {Black checkmated} 1-0

[Event "ICCopen2017"]
[Site "Internet Chess Club"]
[Date "2017.03.19"]
[Round "10"]
[White "thxgg"]
[Black "AlonzoMosely"]
[Result "0-1"]
[ICCResult "White resigns"]
[WhiteElo "1881"]
[BlackElo "2241"]
[Opening "King's Indian: Makagonov system (5.h3)"]
[ECO "E71"]
[NIC "KI.30"]
[Time "21:03:10"]
[TimeControl "180+0"]

1. d4 Nf6 2. c4 g6 3. Nc3 Bg7 4. e4 d6 5. h3 O-O 6. Bg5 Na6 7. Bd3 e5 8. d5
c6 9. Nge2 Bd7 10. Qd2 Nc5 11. Bc2 cxd5 12. cxd5 b5 13. a3 a5 14. O-O b4 15.
axb4 axb4 16. Rxa8 Qxa8 17. Nd1 Nfxe4 18. Qe3 Nxg5 19. Qxg5 Qa6 20. Ng3 b3
21. Bb1 f5 22. Nc3 e4 23. f3 Bd4+ 24. Kh1 f4 25. Ngxe4 Qxf1+ {White resigns}
0-1

[Event "ICCopen2017"]
[Site "Internet Chess Club"]
[Date "2017.03.19"]
[Round "10"]
[White "FytinFrank"]
[Black "marabu"]
[Result "0-1"]
[ICCResult "White resigns"]
[WhiteElo "1859"]
[BlackElo "2110"]
[Opening "King's pawn opening"]
[ECO "B07"]
[NIC "VO.17"]
[Time "21:03:53"]
[TimeControl "180+0"]

1. e4 d6 2. Nc3 Nf6 3. d4 e5 4. Bg5 Be7 5. f4 exd4 6. Qxd4 Nc6 7. Bb5 Bd7 8.
Bxc6 Bxc6 9. Nf3 O-O 10. O-O-O h6 11. h4 b6 12. g4 Nxg4 13. Rhg1 h5 14. Qc4
Bb7 15. e5 Bxg5 16. Nxg5 Ne3 17. Qe4 Bxe4 18. Ncxe4 Nxd1 19. Nf6+ Qxf6 20.
exf6 g6 21. Rxd1 Rae8 22. Rg1 Re2 23. f5 Rf2 24. fxg6 fxg6 25. f7+ R8xf7 26.
Nxf7 Kxf7 27. b4 Rf4 28. c3 Rxh4 29. Rf1+ Kg7 30. Re1 Rf4 31. Re7+ Rf7 32.
Re6 h4 33. a4 h3 34. Re3 h2 35. Re1 Rf2 36. Rh1 g5 {White resigns} 0-1

[Event "ICCopen2017"]
[Site "Internet Chess Club"]
[Date "2017.03.19"]
[Round "10"]
[White "FirstaidPlease"]
[Black "jbow79"]
[Result "0-1"]
[ICCResult "White resigns"]
[WhiteElo "1053"]
[BlackElo "980"]
[Opening "Scandinavian (center counter) defense"]
[ECO "B01"]
[NIC "SD.02"]
[Time "21:03:50"]
[TimeControl "180+0"]

1. e4 d5 2. exd5 Qxd5 3. Nc3 Qd8 4. Nf3 Bg4 5. Be2 Nf6 6. O-O Bxf3 7. Bxf3
c6 8. d3 e6 9. Be3 Be7 10. a4 O-O 11. b3 Nbd7 12. Ne4 Ne5 13. c4 Nxf3+ 14.
Qxf3 Nxe4 15. Qxe4 Bf6 16. Rae1 Re8 17. Re2 Qd6 18. Bf4 e5 19. Bg3 Qd4 20.
Qxd4 exd4 21. Rxe8+ Rxe8 22. f3 c5 23. Re1 Rxe1+ 24. Bxe1 Bg5 25. Kf2 Be3+
26. Ke2 f5 27. Bf2 f4 28. g3 g5 29. Bxe3 fxe3 30. h3 Kf7 31. f4 gxf4 32.
gxf4 Kf6 {White resigns} 0-1

[Event "ICCopen2017"]
[Site "Internet Chess Club"]
[Date "2017.03.19"]
[Round "10"]
[White "beaupre"]
[Black "demchog97"]
[Result "0-1"]
[ICCResult "White resigns"]
[WhiteElo "1759"]
[BlackElo "1971"]
[Opening "Sicilian: closed"]
[ECO "B23"]
[NIC "SI.44"]
[Time "21:04:45"]
[TimeControl "180+0"]

1. e4 c5 2. Nc3 e6 3. f4 a6 4. Nf3 b5 5. d3 Bb7 6. g3 Nc6 7. Bg2 Qc7 8. O-O
Nge7 9. a4 b4 10. Ne2 d5 11. c3 Rd8 12. cxb4 dxe4 13. dxe4 Rxd1 14. Rxd1
cxb4 15. Be3 Ng6 16. Rac1 Be7 17. Ne5 Ngxe5 18. fxe5 Qxe5 19. Bf4 Qxb2 20.
Rb1 Qxe2 21. Bf3 Qxf3 {White resigns} 0-1

[Event "ICCopen2017"]
[Site "Internet Chess Club"]
[Date "2017.03.19"]
[Round "10"]
[White "MichailovM"]
[Black "MDRAFE3"]
[Result "1-0"]
[ICCResult "Black resigns"]
[WhiteElo "2188"]
[BlackElo "1962"]
[Opening "QGD Slav defense"]
[ECO "D10"]
[NIC "SL.01"]
[Time "21:04:26"]
[TimeControl "180+0"]

1. d4 d5 2. c4 c6 3. Nc3 Nf6 4. e3 a6 5. Nf3 Bf5 6. Bd3 Bxd3 7. Qxd3 e6 8.
O-O Be7 9. e4 b5 10. cxd5 cxd5 11. e5 Nfd7 12. a4 b4 13. Ne2 a5 14. Bd2 O-O
15. Nc1 Nb6 16. Nb3 Nc4 17. Rab1 Qd7 18. Bg5 h6 19. Bxe7 Qxe7 20. Nc5 Na6
21. Nxa6 Rxa6 22. b3 Nb6 23. Qxa6 {Black resigns} 1-0

[Event "ICCopen2017"]
[Site "Internet Chess Club"]
[Date "2017.03.19"]
[Round "10"]
[White "cap78red"]
[Black "icewoman"]
[Result "1-0"]
[ICCResult "Black checkmated"]
[WhiteElo "1315"]
[BlackElo "1064"]
[Opening "Old Indian: main line"]
[ECO "A55"]
[NIC "OI.01"]
[Time "21:03:55"]
[TimeControl "180+0"]

1. c4 d6 2. Nc3 Nf6 3. e4 Nbd7 4. d4 e5 5. Nf3 Be7 6. Be2 c6 7. d5 cxd5 8.
exd5 Qc7 9. Qc2 h6 10. Ne4 g5 11. Nxf6+ Bxf6 12. h3 Nf8 13. Nh2 Ng6 14. Ng4
Nf4 15. Nxf6+ Ke7 16. Bxf4 gxf4 17. Ng4 Rg8 18. O-O-O h5 19. Qh7 Bxg4 20.
hxg4 hxg4 21. Qf5 Qb6 22. Bxg4 Qxf2 23. Rh7 Rgc8 24. Rxf7+ Kd8 25. Qd7#
{Black checkmated}
1-0

[Event "ICCopen2017"]
[Site "Internet Chess Club"]
[Date "2017.03.19"]
[Round "10"]
[White "iragefree"]
[Black "findles"]
[Result "0-1"]
[ICCResult "White checkmated"]
[WhiteElo "1638"]
[BlackElo "1828"]
[Opening "Benoni: four pawns attack, main line"]
[ECO "A69"]
[NIC "BI.28"]
[Time "21:04:07"]
[TimeControl "180+0"]

1. d4 Nf6 2. c4 c5 3. d5 e6 4. Nc3 exd5 5. cxd5 d6 6. e4 g6 7. f4 Bg7 8. Nf3
O-O 9. Be2 Re8 10. e5 dxe5 11. fxe5 Ng4 12. Bg5 Qb6 13. O-O Nxe5 14. Nxe5
Bxe5 15. Bc4 Qxb2 16. Qf3 Bf5 17. Rac1 Nd7 18. g4 Bd4+ 19. Kh1 Ne5 20. Qf4
Nxg4 21. Nb5 Be4+ 22. Rf3 Bxf3+ 23. Qxf3 Qxh2# {White checkmated} 0-1

[Event "ICCopen2017"]
[Site "Internet Chess Club"]
[Date "2017.03.19"]
[Round "10"]
[White "refid"]
[Black "JUGGERNOT"]
[Result "1-0"]
[ICCResult "Black resigns"]
[WhiteElo "1850"]
[BlackElo "1784"]
[Opening "Scandinavian defense"]
[ECO "B01"]
[NIC "SD.03"]
[Time "21:03:10"]
[TimeControl "180+0"]

1. e4 d5 2. exd5 Nf6 3. Bb5+ Bd7 4. Be2 Nxd5 5. d4 Nc6 6. c3 e6 7. Nf3 Bd6
8. O-O O-O 9. Re1 Re8 10. c4 Nf6 11. Nc3 Be7 12. Bf4 Nh5 13. Be3 Nf6 14. Qd2
a6 15. a3 Na5 16. Rad1 Nb3 17. Qc2 Na5 18. b4 Nc6 19. h3 Qc8 20. Ne5 Rd8 21.
Bf3 Nxe5 22. dxe5 Ne8 23. Be4 c6 24. Bxh7+ Kh8 25. Be4 f5 26. exf6 Nxf6 27.
Bg6 c5 28. bxc5 Bxc5 29. Bg5 Bxa3 30. Bxf6 gxf6 31. Qe4 Kg7 32. Bh5 Bb4 33.
Qg6+ Kh8 34. Qxf6+ Kh7 35. Bg6+ Kg8 36. Qf7+ {Black resigns} 1-0

[Event "ICCopen2017"]
[Site "Internet Chess Club"]
[Date "2017.03.19"]
[Round "10"]
[White "SWAT-TEAM"]
[Black "Chisel"]
[Result "1-0"]
[ICCResult "Black checkmated"]
[WhiteElo "1871"]
[BlackElo "1737"]
[Opening "Queen's pawn: Charlick (Englund) gambit"]
[ECO "A40"]
[NIC "QO.17"]
[Time "21:04:37"]
[TimeControl "180+0"]

1. d4 e5 2. dxe5 d6 3. e4 Nc6 4. f4 dxe5 5. Qxd8+ Kxd8 6. f5 Bc5 7. Nc3 Nd4
8. Bd3 f6 9. Nf3 Ne7 10. Bd2 c6 11. O-O-O Ke8 12. Ne2 Kf7 13. Bc4+ Kf8 14.
Nexd4 Bxd4 15. Nxd4 exd4 16. Bb4 b6 17. Rxd4 c5 18. Rd8# {Black checkmated}
1-0

[Event "ICCopen2017"]
[Site "Internet Chess Club"]
[Date "2017.03.19"]
[Round "10"]
[White "Ohanessian"]
[Black "fishbein"]
[Result "0-1"]
[ICCResult "White resigns"]
[WhiteElo "2097"]
[BlackElo "2611"]
[Opening "Sicilian: Richter-Rauzer, Rauzer attack, 7...Be7"]
[ECO "B63"]
[NIC "SI.27"]
[Time "21:03:12"]
[TimeControl "180+0"]

1. e4 c5 2. Nf3 d6 3. d4 cxd4 4. Nxd4 Nf6 5. Nc3 Nc6 6. Bg5 e6 7. Qd2 Be7 8.
h4 O-O 9. f3 a6 10. O-O-O Nxd4 11. Qxd4 b5 12. Kb1 Bb7 13. Qd2 Qc7 14. Ne2
Rfd8 15. Nd4 Rac8 16. Bd3 Qb6 17. Be3 Qc7 18. g4 Nd7 19. g5 Ne5 20. Be2 Nc4
21. Bxc4 Qxc4 22. h5 Qc7 23. g6 Bf6 24. gxf7+ Kxf7 25. h6 g6 26. Rh2 e5 27.
Ne2 d5 28. Qc1 dxe4 29. fxe4 Bxe4 30. Nc3 Bf5 31. Rhd2 b4 32. Rxd8 Rxd8 33.
Nd5 Qc6 34. Nxf6 Qxc2+ 35. Qxc2 Rxd1+ 36. Bc1 Bxc2+ 37. Kxc2 Rxc1+
{White resigns}
0-1

[Event "ICCopen2017"]
[Site "Internet Chess Club"]
[Date "2017.03.19"]
[Round "10"]
[White "VrloJakMK"]
[Black "elshaddai"]
[Result "1-0"]
[ICCResult "Black resigns"]
[WhiteElo "2031"]
[BlackElo "1669"]
[Opening "Dutch: stonewall with Nc3"]
[ECO "D10"]
[NIC "SL.06"]
[Time "21:03:46"]
[TimeControl "180+0"]

1. d4 d5 2. c4 c6 3. Nc3 e6 4. Nf3 f5 5. g3 Nf6 6. Bg2 Be7 7. O-O O-O 8. a4
Nbd7 9. a5 Ne4 10. Qb3 Ndf6 11. Bf4 Nxc3 12. bxc3 Nh5 13. Be5 Bf6 14. cxd5
exd5 15. c4 Be6 16. Qxb7 Bxe5 17. Nxe5 Rb8 18. Qxc6 Bf7 19. Bxd5 Bxd5 20.
Qxd5+ Qxd5 21. cxd5 Rfd8 22. Nc6 Rbc8 23. Nxd8 Rxd8 24. Rab1 Rxd5 25. Rb8+
Kf7 26. Rb7+ Kg6 27. Rxa7 Rxd4 28. a6 Ra4 29. Rb1 Nf6 30. Rb6 h5 31. f3 Ra1+
32. Kf2 Ra2 33. h4 Ra3 34. Rbb7 Nd5 35. Rxg7+ Kf6 36. Raf7+ Ke5 37. a7 Ra2
38. Rf8 Nc3 39. Re8+ Kf6 40. Rc7 Nd1+ 41. Ke1 {Black resigns} 1-0

[Event "ICCopen2017"]
[Site "Internet Chess Club"]
[Date "2017.03.19"]
[Round "10"]
[White "star-night"]
[Black "zitvex"]
[Result "0-1"]
[ICCResult "White resigns"]
[WhiteElo "1928"]
[BlackElo "1860"]
[Opening "Sicilian: Smith-Morra gambit"]
[ECO "B21"]
[NIC "SI.48"]
[Time "21:04:32"]
[TimeControl "180+0"]

1. e4 c5 2. d4 cxd4 3. c3 dxc3 4. Nxc3 Nc6 5. Bc4 e6 6. Nf3 a6 7. O-O Nge7
8. Qe2 Ng6 9. Rd1 Be7 10. e5 Qc7 11. Ne4 Ncxe5 12. Nxe5 Nxe5 13. Bb3 O-O 14.
Bf4 d6 15. Nxd6 Bxd6 16. Rxd6 Qxd6 17. Bxe5 Qe7 18. Rd1 Rd8 19. Rc1 Bd7 20.
h3 Rac8 21. Rd1 Bb5 22. Qg4 Rxd1+ 23. Qxd1 Qg5 24. Bg3 Rc1 {White resigns}
0-1

[Event "ICCopen2017"]
[Site "Internet Chess Club"]
[Date "2017.03.19"]
[Round "10"]
[White "flashlight"]
[Black "Chaos23"]
[Result "0-1"]
[ICCResult "White resigns"]
[WhiteElo "2052"]
[BlackElo "1914"]
[Opening "Trompowsky attack (Ruth, Opocenský opening)"]
[ECO "A45"]
[NIC "QP.07"]
[Time "21:03:51"]
[TimeControl "180+0"]

1. d4 Nf6 2. Bg5 c5 3. d5 Qb6 4. Nc3 Qxb2 5. Bd2 Qb6 6. e4 d6 7. f4 g6 8. e5
Nfd7 9. Nf3 Bg7 10. Rb1 Qd8 11. e6 fxe6 12. Ng5 Nf8 13. Bb5+ Bd7 14. dxe6
Bxb5 15. Nf7 Qc8 16. Nxb5 Qxe6+ 17. Qe2 Kxf7 18. Qxe6+ Nxe6 19. O-O a6 20.
Nc3 Nc6 21. Rxb7 Rhb8 22. Rxb8 Rxb8 23. Nd5 Rb2 24. f5 gxf5 25. Rxf5+ Ke8
26. Ne3 Ncd4 27. Rf1 Nxc2 28. Nd5 Bd4+ 29. Kh1 Nb4 30. Bh6 Nxd5 {White
resigns} 0-1

[Event "ICCopen2017"]
[Site "Internet Chess Club"]
[Date "2017.03.19"]
[Round "10"]
[White "BlackHorse96"]
[Black "mirpele-murpele"]
[Result "1-0"]
[ICCResult "Black resigns"]
[WhiteElo "3084"]
[BlackElo "2638"]
[Opening "Sicilian: Nimzovich-Rubinstein variation"]
[ECO "B29"]
[NIC "SI.43"]
[Time "21:04:05"]
[TimeControl "180+0"]

1. e4 c5 2. Nf3 Nf6 3. Nc3 Nc6 4. g3 d5 5. exd5 Nxd5 6. Nxd5 Qxd5 7. Bg2 Bg4
8. O-O e6 9. d3 Be7 10. Re1 O-O 11. h3 Bh5 12. g4 Bg6 13. Ne5 Qd8 14. Nxc6
bxc6 15. Bxc6 Rb8 16. Be4 Bf6 17. c3 Bxe4 18. dxe4 Qc7 19. Qe2 Be5 20. Kg2
Rfd8 21. Be3 Qb7 22. Bxc5 Qxb2 23. Qxb2 Rxb2 24. Rad1 Rc8 25. Bxa7 Bxc3 26.
Rc1 Rxa2 27. Bd4 Ra3 28. Re3 {Black resigns} 1-0

[Event "ICCopen2017"]
[Site "Internet Chess Club"]
[Date "2017.03.19"]
[Round "10"]
[White "eltigrecu"]
[Black "sravanrenjith"]
[Result "0-1"]
[ICCResult "White checkmated"]
[WhiteElo "1939"]
[BlackElo "1588"]
[Opening "Trompowsky attack (Ruth, Opocenský opening)"]
[ECO "A45"]
[NIC "QP.07"]
[Time "21:03:17"]
[TimeControl "180+0"]

1. d4 Nf6 2. Bg5 d5 3. Bxf6 exf6 4. c3 Be7 5. Nd2 O-O 6. e3 c6 7. Bd3 Be6 8.
Qc2 h6 9. Ngf3 Nd7 10. O-O-O b5 11. h4 a5 12. Rde1 b4 13. c4 dxc4 14. Nxc4
a4 15. Reg1 b3 16. axb3 axb3 17. Qxb3 Rb8 18. Qc2 Nb6 19. Nxb6 Qxb6 20. g4
Bb3 21. Qb1 c5 22. Kd2 Qb4+ 23. Ke2 c4 24. Bh7+ Kh8 25. g5 fxg5 26. hxg5 Rb6
27. gxh6 Rxh6 28. Rxh6 gxh6 29. Qe4 c3 30. Qe5+ f6 31. Qg3 Bc4+ 32. Kd1 Qa4+
33. Bc2 Qa1+ 34. Bb1 Qxb1# {White checkmated} 0-1

[Event "ICCopen2017"]
[Site "Internet Chess Club"]
[Date "2017.03.19"]
[Round "10"]
[White "KRASAVCHIK"]
[Black "INDIAN-ELEPHANT"]
[Result "1/2-1/2"]
[ICCResult "Game drawn by repetition"]
[WhiteElo "3312"]
[BlackElo "2774"]
[Opening "Ruy Lopez: open Berlin defense, l'Hermet variation"]
[ECO "C67"]
[NIC "RL.07"]
[Time "21:04:25"]
[TimeControl "180+0"]

1. e4 e5 2. Nf3 Nc6 3. Bb5 Nf6 4. O-O Nxe4 5. d4 Nd6 6. dxe5 Nxb5 7. a4 Nbd4
8. Nxd4 d5 9. exd6 Nxd4 10. Qxd4 Qxd6 11. Qe4+ Qe6 12. Qd4 Qd6 13. Qe3+ Qe6
14. Qg3 c6 15. Nc3 f6 16. Bd2 Kf7 17. Rfe1 Qg4 18. Qc7+ Qd7 19. Qf4 Qf5 20.
Qc7+ Qd7 21. Qf4 Qg4 22. Qc7+ Qd7 {Game drawn by repetition} 1/2-1/2

[Event "ICCopen2017"]
[Site "Internet Chess Club"]
[Date "2017.03.19"]
[Round "10"]
[White "Baltimora"]
[Black "notetengomiedo"]
[Result "1-0"]
[ICCResult "Black resigns"]
[WhiteElo "2291"]
[BlackElo "1759"]
[Opening "Grünfeld: exchange variation"]
[ECO "D85"]
[NIC "GI.03"]
[Time "21:03:51"]
[TimeControl "180+0"]

1. d4 Nf6 2. c4 g6 3. Nc3 d5 4. cxd5 Nxd5 5. Na4 Bg7 6. e4 Nb6 7. Be3 Nxa4
8. Qxa4+ Bd7 9. Qa3 O-O 10. Nf3 b6 11. Be2 Bc6 12. d5 Bb7 13. O-O Re8 14.
Rfd1 Qd6 15. Rac1 Qxa3 16. bxa3 Rc8 17. Bd4 c6 18. Bxg7 Kxg7 19. d6 exd6 20.
Rxd6 c5 21. e5 Nc6 22. Rd7 Rab8 23. Bc4 Rf8 24. e6 Na5 25. Ng5 Nxc4 26. Rxc4
Kf6 27. Nxh7+ Kg7 28. Nxf8 Kxf8 29. Rxf7+ Ke8 30. Rh4 {Black resigns} 1-0

[Event "ICCopen2017"]
[Site "Internet Chess Club"]
[Date "2017.03.19"]
[Round "10"]
[White "HuevosDeLeon"]
[Black "RebelJohnny"]
[Result "1-0"]
[ICCResult "Black resigns"]
[WhiteElo "2606"]
[BlackElo "2052"]
[Opening "Queen's pawn: London system"]
[ECO "A45"]
[NIC "QP.07"]
[Time "21:04:19"]
[TimeControl "180+0"]

1. d4 Nf6 2. Bf4 d5 3. e3 c5 4. Nf3 Nc6 5. Nbd2 Qb6 6. dxc5 Qxc5 7. a3 e6 8.
Be2 Bd7 9. O-O Be7 10. c4 O-O 11. b4 Qb6 12. c5 Qd8 13. h3 a6 14. Qb3 b6 15.
cxb6 Qxb6 16. Rfc1 Rab8 17. Qd3 a5 18. Bxb8 Rxb8 19. b5 Na7 20. a4 Bd6 21.
Nd4 e5 22. N4b3 g6 23. Qc3 Rc8 24. Qxa5 Qxa5 25. Nxa5 Bb4 26. Rxc8+ Nxc8 27.
Nab3 Nd6 28. b6 Bc8 29. a5 {Black resigns} 1-0

[Event "ICCopen2017"]
[Site "Internet Chess Club"]
[Date "2017.03.19"]
[Round "10"]
[White "GiantHulk"]
[Black "Blitzyy"]
[Result "1-0"]
[ICCResult "Black resigns"]
[WhiteElo "2172"]
[BlackElo "2015"]
[Opening "Nimzovich-Larsen attack: Indian variation"]
[ECO "A01"]
[NIC "VO.08"]
[Time "21:04:06"]
[TimeControl "180+0"]

1. b3 Nf6 2. Bb2 e6 3. Nf3 c5 4. e3 b6 5. Be2 Bb7 6. c4 Be7 7. O-O O-O 8. d4
cxd4 9. Nxd4 d5 10. Bf3 Nc6 11. Nxc6 Bxc6 12. Nc3 Rc8 13. cxd5 exd5 14. Ne2
Bb5 15. a3 Ne4 16. Re1 Ba6 17. Rc1 Qd7 18. Bxe4 Rxc1 19. Nxc1 {Black
resigns} 1-0

[Event "ICCopen2017"]
[Site "Internet Chess Club"]
[Date "2017.03.19"]
[Round "10"]
[White "Colombiano07"]
[Black "leole51"]
[Result "0-1"]
[ICCResult "White resigns"]
[WhiteElo "1987"]
[BlackElo "1691"]
[Opening "Queen's pawn game"]
[ECO "A46"]
[NIC "QP.05"]
[Time "21:04:33"]
[TimeControl "180+0"]

1. d4 Nf6 2. Nf3 e6 3. Bf4 d5 4. e3 c5 5. c3 Nc6 6. Nbd2 Bd6 7. Bg3 O-O 8.
Bd3 b6 9. Ne5 Bb7 10. f4 Rc8 11. O-O Ne7 12. Qf3 Nf5 13. Bf2 Be7 14. g4 Nd6
15. Bh4 Nfe4 16. Bxe7 Qxe7 17. Bxe4 Nxe4 18. Nxe4 dxe4 19. Qg3 f6 20. Nc4
cxd4 21. Na3 dxc3 22. Nb5 Ba6 23. a4 cxb2 24. Rab1 Qb4 25. Qf2 Qxa4 26. Nd4
Bxf1 27. Kxf1 Rc1+ 28. Kg2 Rxb1 {White resigns} 0-1

[Event "ICCopen2017"]
[Site "Internet Chess Club"]
[Date "2017.03.19"]
[Round "10"]
[White "DavidXanatoss"]
[Black "TZ700A"]
[Result "1-0"]
[ICCResult "Black checkmated"]
[WhiteElo "1569"]
[BlackElo "1300"]
[Opening "Mieses opening"]
[ECO "A00"]
[NIC "VO.13"]
[Time "21:03:45"]
[TimeControl "180+0"]

1. d3 d5 2. e4 d4 3. g3 e5 4. Bg2 Nf6 5. Ne2 Bd6 6. h3 O-O 7. O-O Be6 8. Kh2
c5 9. c3 Nc6 10. Nd2 Qd7 11. f4 exf4 12. gxf4 Qc7 13. e5 Nxe5 14. fxe5 Bxe5+
15. Kh1 Nh5 16. Ne4 f5 17. Ng5 Bd7 18. cxd4 cxd4 19. Bd2 f4 20. Qb3+ Kh8 21.
Nf7+ Rxf7 22. Qxf7 Ng3+ 23. Nxg3 fxg3 24. Qf8+ Rxf8 25. Rxf8# {Black
checkmated} 1-0

[Event "ICCopen2017"]
[Site "Internet Chess Club"]
[Date "2017.03.19"]
[Round "10"]
[White "Alwaysontime"]
[Black "manest"]
[Result "1-0"]
[ICCResult "Black resigns"]
[WhiteElo "2249"]
[BlackElo "2763"]
[Opening "Queen's pawn"]
[ECO "A40"]
[NIC "QP.05"]
[Time "21:03:47"]
[TimeControl "180+0"]

1. d4 e6 2. Nf3 Nf6 3. Bf4 c5 4. e3 d5 5. Nbd2 Nc6 6. c3 Bd6 7. Bg3 O-O 8.
Bd3 b6 9. Qe2 Bb7 10. Rd1 Ne7 11. e4 dxe4 12. Nxe4 Nxe4 13. Bxe4 Bxe4 14.
Qxe4 c4 15. Ne5 Rc8 16. O-O Nd5 17. Rfe1 b5 18. Qe2 Re8 19. Qh5 Qc7 20. Nxf7
Bxg3 21. Ng5 Nf6 22. Qh3 Bd6 23. Nxe6 Qd7 24. d5 Re7 25. Qf5 Rce8 26. Re3
Nxd5 27. Qxd5 Rxe6 28. Rde1 Kf7 29. Qf5+ Kg8 30. Rxe6 Rxe6 31. Qxe6+ Qxe6
32. Rxe6 Bc5 33. Re5 Bb6 34. Rxb5 Kf7 35. Rb4 {Black resigns} 1-0

[Event "ICCopen2017"]
[Site "Internet Chess Club"]
[Date "2017.03.19"]
[Round "10"]
[White "CaptEvans"]
[Black "turolo"]
[Result "0-1"]
[ICCResult "White resigns"]
[WhiteElo "1641"]
[BlackElo "1862"]
[Opening "King's pawn opening"]
[ECO "B07"]
[NIC "VO.17"]
[Time "21:03:56"]
[TimeControl "180+0"]

1. e4 d6 2. f4 Nf6 3. e5 dxe5 4. fxe5 Ne4 5. Nf3 Bg4 6. d3 Nc5 7. b4 Ne6 8.
Bb2 Nc6 9. h3 Bxf3 10. Qxf3 g6 11. b5 Ncd4 12. Qf2 Bg7 13. a4 Qd5 14. c3
Qxe5+ 15. Be2 Nxe2 16. Qxe2 Qxe2+ 17. Kxe2 O-O-O 18. Na3 Nf4+ 19. Kf3 Nxd3
20. Rab1 Nxb2 21. Rxb2 Bxc3 22. Rc2 Bb4 23. Nc4 Rd4 24. a5 Bd6 25. b6 Rf4+
26. Kg3 Rxc4+ {White resigns} 0-1

[Event "ICCopen2017"]
[Site "Internet Chess Club"]
[Date "2017.03.19"]
[Round "10"]
[White "sonofmarabu"]
[Black "shirovinster"]
[Result "0-1"]
[ICCResult "White checkmated"]
[WhiteElo "1641"]
[BlackElo "1716"]
[Opening "Sicilian"]
[ECO "B50"]
[NIC "SI.01"]
[Time "21:03:34"]
[TimeControl "180+0"]

1. e4 c5 2. Nf3 d6 3. d3 Nf6 4. g3 e6 5. Bg2 Be7 6. O-O O-O 7. Re1 Nc6 8.
Nc3 a6 9. Be3 Rb8 10. Ne2 b5 11. c3 Bb7 12. Nd2 e5 13. Nb3 a5 14. d4 a4 15.
Nbc1 cxd4 16. cxd4 Na5 17. f3 Nc4 18. Qd3 Nxb2 19. Qc3 Nc4 20. d5 Nxe3 21.
Qxe3 Qd7 22. Nc3 Bd8 23. Nd3 Bxd5 24. exd5 Bb6 25. Qxb6 Rxb6 26. Nb4 Rc8 27.
Nc6 Rbxc6 28. dxc6 Qxc6 29. Rac1 Qd7 30. Ne2 Rxc1 31. Rxc1 h6 32. f4 Qa7+
33. Kf1 Ng4 34. Be4 Qf2# {White checkmated} 0-1

[Event "ICCopen2017"]
[Site "Internet Chess Club"]
[Date "2017.03.19"]
[Round "10"]
[White "daskapitallesen"]
[Black "GmGolden1"]
[Result "1-0"]
[ICCResult "Black resigns"]
[WhiteElo "1829"]
[BlackElo "1569"]
[Opening "QGD: exchange, positional line"]
[ECO "D35"]
[NIC "QO.16"]
[Time "21:03:38"]
[TimeControl "180+0"]

1. d4 e6 2. c4 d5 3. Nc3 Nf6 4. cxd5 exd5 5. Bg5 Be7 6. e3 Ne4 7. Bxe7 Qxe7
8. Nxd5 Qd6 9. Nc3 Nf6 10. Nf3 O-O 11. Bd3 c5 12. O-O Nc6 13. dxc5 Qxc5 14.
Rc1 Qh5 15. Be2 Qg6 16. Nd4 Bh3 17. Bf3 Ne5 18. Kh1 Bc8 19. Qe2 Re8 20. Rfd1
a6 21. a3 Rb8 22. Nd5 Ne4 23. Nf4 Nxf3 24. Nxg6 {Black resigns} 1-0

[Event "ICCopen2017"]
[Site "Internet Chess Club"]
[Date "2017.03.19"]
[Round "10"]
[White "blunder23"]
[Black "Oracle"]
[Result "1-0"]
[ICCResult "Black checkmated"]
[WhiteElo "1449"]
[BlackElo "1365"]
[Opening "Philidor: exchange variation"]
[ECO "C21"]
[NIC "KP.08"]
[Time "21:03:06"]
[TimeControl "180+0"]

1. e4 e5 2. d4 d6 3. Nf3 exd4 4. c3 Bd7 5. cxd4 Nc6 6. Nc3 Nge7 7. Bc4 Ng6
8. Ng5 Be6 9. Nxe6 fxe6 10. Bxe6 Qe7 11. d5 Nce5 12. f4 Nd7 13. Qg4 Nc5 14.
Nb5 Nxe6 15. Qxe6 Qxe6 16. dxe6 Kd8 17. O-O a6 18. Nd4 Be7 19. Nf5 Rg8 20.
Be3 b6 21. e5 Ke8 22. exd6 Bxd6 23. Nxd6+ cxd6 24. Rad1 Ke7 25. Bxb6 Rgb8
26. Bc7 Rxb2 27. Bxd6+ Ke8 28. f5 Ne7 29. f6 gxf6 30. Rxf6 Rd8 31. Rf7 Rb6
32. Rxe7+ Kf8 33. Rf1+ Kg8 34. Rff7 Rbxd6 35. Rg7+ Kh8 36. Rxh7+ Kg8 37.
Reg7+ Kf8 38. e7+ Ke8 39. Rh8+ Kd7 40. exd8=Q+ Ke6 41. Qe7+ Kd5 42. Rh5+ Kc6
43. Qc7# {Black checkmated} 1-0